 Dungeon Crawl Stone Soup version 0.28-a0-655-g4eb62b627b (webtiles) character file.

Game seed: 396548213699126707

206 cheechan the Sneak (level 5, -8/32 HPs)
             Began as an Octopode Hedge Wizard on Oct 12, 2021.
             Was a Follower of Uskayaw.
             Killed by divine providence
             ... invoked by an orc priest
              (15 damage)
             ... on level 4 of the Dungeon.
             The game lasted 00:08:42 (2074 turns).

cheechan the Sneak (Octopode Hedge Wizard)          Turns: 2074, Time: 00:08:43

Health: -8/32      AC:  5    Str:  9    XL:     5   Next: 84%
Magic:  8/11       EV: 28    Int: 16    God:    Uskayaw [*.....]
Gold:   78         SH:  0    Dex: 13    Spells: 5/12 levels left

rFire   . . .      SeeInvis .   l - +1 dagger (speed)
rCold   . . .      Faith    .   (no shield)
rNeg    . . .      Spirit   .   b - +0 hat
rPois   .          Reflect  .   n - amulet of the acrobat
rElec   .          Harm     .   k - +4 ring of protection
rCorr   .          Rampage  .   (no ring)
Will    .....                   (no ring)
Stlth   ++++......              (no ring)
HPRegen 0.10/turn               (no ring)
MPRegen 0.12/turn               (no ring)
                                (no ring)
                                (no ring)

@: acrobatic, very slightly contaminated
A: almost no armour, amphibious, 8 rings, camouflage 1, gelatinous body 1,
(nimble swimmer 1), tentacles
a: Renounce Religion, Stomp


You were on level 4 of the Dungeon.
You worshipped Uskayaw.
Uskayaw was noncommittal.
You visited 1 branch of the dungeon, and saw 4 of its levels.

You collected 78 gold pieces.

Inventory:

Hand Weapons
 a - a +0 dagger
 h - a +3 spear
 l - a +1 dagger of speed (weapon)
 o - a +0 falchion
 q - a +0 scythe
Missiles
 c - 71 arrows
 e - 51 stones
 f - a throwing net
 j - 5 curare-tipped darts
 m - 5 silver javelins (quivered)
Armour
 b - a +0 hat (worn)
Jewellery
 k - a +4 ring of protection (left tentacle)
 n - an amulet of the acrobat (around mantle)
Scrolls
 i - 2 scrolls of blinking
 p - a scroll of brand weapon {unknown}
Potions
 d - a potion of curing
 g - a potion of heal wounds


   Skills:
 + Level 0.8 Fighting
 + Level 0.9 Short Blades
 + Level 1.8 Polearms
 + Level 2.4 Dodging
 + Level 5.0 Stealth
 + Level 4.1 Spellcasting
 + Level 1.7 Conjurations
 + Level 1.0 Summonings
 + Level 1.0 Translocations


You had 5 spell levels left.
You knew the following spells:

 Your Spells              Type           Power      Damage    Failure   Level
a - Magic Dart            Conj           32%        1d4       9%          1
b - Blink                 Tloc           N/A        N/A       17%         2
c - Call Imp              Summ           6%         N/A       17%         2
d - Slow                  Hex            3%         N/A       26%         2

Your spell library contained the following spells:

 Spells                   Type           Power      Damage    Failure   Level
 Ensorcelled Hibernation  Hex/Ice        6%         N/A       26%         2
 Conjure Flame            Conj/Fire      6%         6-21      34%         3
 Mephitic Cloud           Conj/Pois/Air  5%         N/A       36%         3
 Spider Form              Tmut/Pois      1%         N/A       45%         3


Dungeon Overview and Level Annotations

Branches:
Dungeon (4/15)
 Temple: D:4-7

Altars:
Uskayaw


Innate Abilities, Weirdness & Mutations

You cannot wear most types of armour.
You are amphibious.
You can wear up to eight rings at the same time.
Your skin changes colour to match your surroundings (Stealth+).
Your rubbery body absorbs attacks. (AC +1, EV +1)
((You are camouflaged near water. (Stealth+)))
You have tentacles for arms and can constrict up to eight enemies at once.


Message History

Found a stone staircase leading up.
There is a stone staircase leading up here.
There is a stone staircase leading up here.
You stumble into a teleport trap!
You are suddenly yanked towards some nearby monsters!
Your surroundings suddenly seem different.
A black bear and 3 orcs come into view.
Found four items.
Found a stone staircase leading up.
The orc shouts! x2; You hear a shout!
An orc priest comes into view. It is wielding a +0 hand axe.
An orc wizard comes into view. It is wielding a +0 dagger.
An orc comes into view. It is wielding a +0 trident.
The orc shouts!
Press: ? - help, v - describe, . - travel
Here: an orc, wielding a +0 hand axe The floor.
Casting: Magic Dart (safe; 9% risk of failure)
Confirm with . or Enter, or press ? or * to list all spells.
You miscast Call Imp.
You are very lightly contaminated with residual magic.
Nothing appears to happen.
The orc shouts!
The black bear growls angrily.
The orc priest shouts!
The orc wizard casts a spell.
The orc wizard flickers and vanishes!
Deactivating autopickup; reactivate with Ctrl-A.
The orc priest looks satisfied for a moment.
Casting: Call Imp (safe; 17% risk of failure)
Confirm with . or Enter, or press ? or * to list all spells.
You miscast Call Imp.
Nothing appears to happen.
An orc wizard comes into view. It is wielding a +0 dagger.
The orc priest mumbles some strange prayers to Beogh against you.
Beogh smites you!
The orc priest mumbles some strange prayers to Beogh against you.
Beogh smites you!
* * * LOW HITPOINT WARNING * * *
The orc wizard gestures wildly while chanting.
The orc wizard flickers and vanishes!
The orc priest calls down the wrath of Beogh upon you.
Beogh smites you!
You die...

..............<.#
............o....##
#..................
#.................
#.........o####...
###........o.##
........h....(##
........oo.....#
#.....@.....?...#
#.....#...........
##....###.........#
#.... ##.......##
#.... ##.....##
#.... .....# #....
#...# #.... ..


You could see a black bear, an orc priest and 4 orcs.

Vanquished Creatures
  Sigmund (D:3)
  An adder (D:3)
  2 dart slugs
  3 bats
  3 endoplasms
  A giant cockroach (D:1)
  5 hobgoblins
  2 jackals (D:1)
  4 kobolds
  3 quokkas
  5 ball pythons
  A frilled lizard (D:2)
  2 goblins
33 creatures vanquished.

Vanquished Creatures (others)
  A fungus (D:2)
  3 plants (D:2)
4 creatures vanquished.

Grand Total: 37 creatures vanquished

Notes
Turn   | Place    | Note
-------+----------+-------------------------------------------
     0 | D:1      | cheechan the Octopode Hedge Wizard began the quest for the
                  | Orb.
     0 | D:1      | Reached XP level 1. HP: 11/11 MP: 4/4
   254 | D:1      | Reached XP level 2. HP: 17/17 MP: 6/6
   611 | D:2      | Learned a level 2 spell: Blink
   614 | D:2      | Learned a level 2 spell: Call Imp
   617 | D:2      | Learned a level 2 spell: Slow
   777 | D:2      | Reached skill level 3 in Stealth
  1022 | D:2      | Reached XP level 3. HP: 21/21 MP: 2/8
  1052 | D:2      | Found a faded altar of an unknown god.
  1064 | D:2      | Prayed at the altar of an unknown god.
  1064 | D:2      | Became a worshipper of Uskayaw the Reveller
  1064 | D:2      | Reached * piety under Uskayaw
  1672 | D:3      | Reached ** piety under Uskayaw
  1705 | D:3      | Noticed Sigmund
  1721 | D:3      | Reached *** piety under Uskayaw
  1722 | D:3      | Killed Sigmund
  1723 | D:3      | Reached skill level 1 in Polearms
  1723 | D:3      | Reached skill level 5 in Stealth
  1723 | D:3      | Reached XP level 4. HP: 17/27 MP: 10/10
  1723 | D:3      | Reached XP level 5. HP: 20/32 MP: 11/11
  2065 | D:4      | Noticed a black bear
  2074 | D:4      | Killed from afar by an orc priest

Illustrated notes

Levels and vault maps discovered:
D:1:      minmay_arrival_plants_in_alcoves, layout_loops_ring
D:2:      layout_loops_cross, dreamdust_ecumenical_altar_hidden_monk_grotto
D:3:      layout_basic, nrook_mini_vaults, uniq_sigmund
D:4:      layout_layer_cave, dk_rats_in_the_wall, uniq_blork_the_orc

Skill      XL: |  1  2  3 |
---------------+----------+-----
Stealth        | 3 5 |  5.0
Polearms       | 1 |  1.8
Spellcasting   | 4 |  4.1
Fighting       | |  0.8
Short Blades   | |  0.9
Dodging        | |  2.4
Conjurations   | |  1.7
Summonings     | |  1.0
Translocations | |  1.0

Action                   |  1- 3 |  4- 6 || total
-------------------------+-------+-------++-------
Melee: Dagger            |    26 |     6 ||    32
       Tentacles         |     9 |       ||     9
       Constrict         |    11 |     1 ||    12
       Spear             |    35 |       ||    35
 Cast: Magic Dart        |    36 |       ||    36
  Use: Scroll            |     5 |       ||     5
 Stab: Sleeping          |     9 |     1 ||    10
       Paralysed         |     1 |       ||     1
Armor: Skin              |     6 |       ||     6
Dodge: Dodged            |    25 |     3 ||    28

Table legend: (Time is in decaauts)
 A = Elapsed time spent in this place.
 B = Non-inter-level travel time spent in this place.
 C = Inter-level travel time spent in this place.
 D = Time resting spent in this place.
 E = Time spent auto-exploring this place.
 F = Levels seen in this place.
 G = Mean time per level.
                   A        B        C        D        E       F      G
               +--------+--------+--------+--------+--------+-----+--------+
         Total |   2069 |   2069 |      0 |    328 |      0 |   4 |  517.2 |
       Dungeon |   2069 |   2069 |      0 |    328 |      0 |   4 |  517.2 |
               +--------+--------+--------+--------+--------+-----+--------+

Top non-repeatable levels by time:
     D:2: 793 daAuts
     D:3: 725 daAuts
     D:1: 480 daAuts
     D:4: 70 daAuts
